 Dungeon Crawl Stone Soup version 0.28-a0-664-gc179e30c89 (webtiles) character file.

Game seed: 18381176462565281225

2 spiderkeys the Ducker (level 1, -2/10 HPs)
             Began as a Felid Abyssal Knight on Oct 15, 2021.
             Was an Initiate of Lugonu.
             Slain by a kobold (5 damage)
             ... on level 1 of the Dungeon.
             The game lasted 00:00:43 (248 turns).

spiderkeys the Ducker (Felid Abyssal Knight)         Turns: 248, Time: 00:00:43

Health: -2/10      AC:  1    Str:  9    XL:     1   Next: 33%
Magic:  3/3        EV: 18    Int: 11    God:    Lugonu [......]
Gold:   15         SH:  0    Dex: 16    Spells: 0/0 levels left
                                        Lives:  0   Deaths: 0

rFire   . . .      SeeInvis +     - Unarmed
rCold   . . .      Faith    .   (shield unavailable)
rNeg    . . .      Spirit   .   (armour unavailable)
rPois   .          Reflect  .   (helmet unavailable)
rElec   .          Harm     .   (cloak unavailable)
rCorr   .          Rampage  .   (gloves unavailable)
Will    .....                   (boots unavailable)
Stlth   +.........              (no amulet)
HPRegen 0.03/turn               (no ring)
MPRegen 0.08/turn               (no ring)

@: quick
A: very small, claws 1, fangs 3, see invisible, speed 1, shaggy fur 1, stealthy
paws, no weapons or thrown items, no armour, multi-lived
a: Renounce Religion


You were on level 1 of the Dungeon.
You worshipped Lugonu.
Lugonu was noncommittal.
You visited 1 branch of the dungeon, and saw 1 of its levels.
You visited the Abyss 1 time.

You collected 15 gold pieces.


Innate Abilities, Weirdness & Mutations

You have sharp claws.
You have razor-sharp teeth.
You have supernaturally acute eyesight. (SInv)
You cover ground quickly. (Speed+)
You are covered in fur. (AC +1)
Your paws help you pounce on unaware monsters.
You are incapable of wielding weapons or throwing items.
You cannot wear armour.
You gain extra lives every three experience levels.


   Skills:
 + Level 3.0 Fighting
 + Level 3.2 Dodging
 + Level 2.0 Unarmed Combat
 + Level 1.8 Invocations


You couldn't memorise any spells.
You didn't know any spells.
Your spell library was empty.

You aren't carrying anything.

Dungeon Overview and Level Annotations

Branches:
Dungeon (1/15)

Altars:

... #.# #.#
#.# #.#
#.#######
#####........
#...@Kw......
#.###########
#.# #.# #.#
#.# #.# #.#
#.#


You could see a dart slug and a kobold.


Message History

🤖 Initializing magus.rc ...
Options error: Delay interrupt name "hungry" not recognised. (~/.crawlrc:4988) ✅ Successfully initialized magus.rc [v1.9.10] Welcome, spiderkeys the Felid Abyssal Knight.
It is said that the Orb of Zot exists deep within this dungeon.
Lugonu says: Depart the Abyss and spread corruption, my servant! (use the ability menu to exit the Abyss) Press ? for a list of commands and other information.
Found a corrupted altar of Lugonu.
You now have 15 gold pieces.
Found a gateway leading out of the Abyss.
Unknown command.
A large abomination comes into view.
Unknown command.
A large abomination is nearby!
You are suddenly pulled into a different region of the Abyss!
You enter the shallow water.
Moving in this stuff is going to be slow.
Unknown command.
A raiju comes into view.
The raiju barks!
Unknown command.
You pass through the gate.
You can no longer depart the Abyss at will.
There is a staircase leading out of the dungeon here. 😎 MP[-1]
You lost 1 mp, and now have 2/3 mp.
You enter the shallow water.
Moving in this stuff is going to be slow.
You open the door.
There is an open door here.
A bat comes into view. 😎 MP[+1]
Your mp is fully restored (3).
The bat hits you. The bat closely misses you. 😕 HP[-1]
You take 1 damage, and now have 9/10 hp.
You closely miss the bat. The bat misses you.
An endoplasm and a kobold come into view.
The endoplasm quivers.
The bat completely misses you. The bat barely misses you.
The bat hits you but does no damage. The bat hits you.
The endoplasm freezes you.
You are frozen.
* * * LOW HITPOINT WARNING * * *
😨 HP[-4]
You take 4 damage, and now have 5/10 hp.
MASSIVE DAMAGE!! (PAUSE)
You are too injured to fight recklessly!
You are too injured to fight recklessly!
You miss the bat. Your bite misses the bat. The bat misses you.
The bat hits you.
* * * LOW HITPOINT WARNING * * *
The bat barely misses you. 😨 HP[-1]
You take 1 damage, and now have 4/10 hp.
You scratch the bat.
You kill the bat!
Lugonu accepts your kill.
You scratch the endoplasm. The endoplasm completely misses you.
You barely miss the endoplasm. The endoplasm closely misses you.
You scratch the endoplasm.
You bite the endoplasm, but do no damage.
The endoplasm barely misses you.
You scratch the endoplasm.
You kill the endoplasm!
Lugonu accepts your kill.
The kobold shouts!
A dart slug comes into view.
You see here a bat corpse.
You see here a bat corpse. 😨 HP[+1]
You see here a bat corpse.
You scratch the kobold. Your bite misses the kobold.
The kobold hits you with a +0 club.
* * * LOW HITPOINT WARNING * * *
😨 HP[-2]
You take 2 damage, and now have 3/10 hp.
You scratch the kobold. The kobold closely misses you.
You barely miss the kobold. The kobold hits you with a +0 club.
Ouch! That really hurt!
You die...

Action                   || total
-------------------------++-------
Melee: Unarmed           ||    10
       Bite              ||     1
Invok: Depart the Abyss  ||     1
Armor: Skin              ||     1
Dodge: Dodged            ||    10

Levels and vault maps discovered:
D:1:      lightli_arrival_flooded_house, layout_basic, serial_glass,
          glass_columns_a, glass_columns_c, serial_bayou_pond_d

Notes
Turn   | Place    | Note
-------+----------+-------------------------------------------
     0 | Abyss:1  | spiderkeys the Felid Abyssal Knight began the quest for the
                  | Orb.
     0 | Abyss:1  | Reached XP level 1. HP: 10/10 MP: 3/3
     0 | Abyss:1  | magus.rc [v1.9.10]
    84 | Abyss:1  | Noticed a large abomination
   172 | Abyss:1  | Noticed a raiju
   174 | D:1      | You pass through the gate.
   174 | D:1      | Escaped the Abyss
   248 | D:1      | Slain by a kobold

Vanquished Creatures
  A bat (D:1)
  An endoplasm (D:1)
2 creatures vanquished.

Table legend:
 A = Non-vault XP
 B = Vault XP
 C = Vault XP percentage of total XP
 D = Non-vault monster count
 E = Vault monster count
 F = Vault count percentage of total count
                 A         B        C        D         E       F
            +---------+---------+-------+---------+---------+-------
      Total |       4 |       0 |   0.0 |       2 |       0 |   0.0
            +---------+---------+-------+---------+---------+-------
        D:1 |       4 |       0 |   0.0 |       2 |       0 |   0.0
            +---------+---------+-------+---------+---------+-------

Illustrated notes

Table legend:
 A = Kills in this place as a percentage of kills in entire the game.
 B = Kills by you in this place as a percentage of kills by you in the entire game.
 C = Kills by friends in this place as a percentage of kills by friends in the entire game.
 D = Other kills in this place as a percentage of other kills in the entire game.
 E = Experience gained in this place as a percentage of experience gained in the entire game.
 F = Experience gained in this place divided by the number of levels of this place that you have seen.
                   A       B       C       D       E      F
               +-------+-------+-------+-------+-------+----------------------
         Total | 100.0 | 100.0 |   N/A |   N/A | 100.0 |   2.0
       Dungeon | 100.0 | 100.0 |   N/A |   N/A | 100.0 |   4.0
               +-------+-------+-------+-------+-------+----------------------

Table legend: (Time is in decaauts)
 A = Elapsed time spent in this place.
 B = Non-inter-level travel time spent in this place.
 C = Inter-level travel time spent in this place.
 D = Time resting spent in this place.
 E = Time spent auto-exploring this place.
 F = Levels seen in this place.
 G = Mean time per level.
                   A        B        C        D        E       F      G
               +--------+--------+--------+--------+--------+-----+--------+
         Total |    204 |    204 |      0 |      0 |    175 |   2 |  102.0 |
       Dungeon |     64 |     64 |      0 |      0 |     41 |   1 |   64.0 |
         Abyss |    140 |    140 |      0 |      0 |    133 |   1 |  140.0 |
               +--------+--------+--------+--------+--------+-----+--------+

Top non-repeatable levels by time:
 Abyss:1: 140 daAuts
     D:1: 64 daAuts
